 Dungeon Crawl Stone Soup version 0.25.1-1-g288607f (webtiles) character file.

Game seed: 14394319081311240954

6783 RonnieColeman the Thaumaturge (level 11, -3/72 HPs)
             Began as an Octopode Conjurer on Sept 12, 2020.
             Was a Believer of Kikubaaqudgha.
             Slain by an unseen horror (11 damage)
             ... on level 10 of the Dungeon.
             The game lasted 00:26:10 (11598 turns).

RonnieColeman the Thaumaturge (Octopode Conjurer)  Turns: 11598, Time: 00:26:14

Health: -3/72      AC:  1    Str:  7    XL:     11   Next: 5%
Magic:  21/26      EV: 13    Int: 20    God:    Kikubaaqudgha [**....]
Gold:   511        SH:  0    Dex: 14    Spells: 24/33 levels left

rFire    x . .     SeeInvis .   E - staff of conjuration
rCold    + . .     Gourm    .   (no shield)
rNeg     + . .     Faith    .   (helmet restricted)
rPois    .         Spirit   .   x - amulet of magic regeneration
rElec    .         Reflect  .   e - ring of positive energy
rCorr    .         Harm     .   w - ring of flight
MR       .....                  z - ring of ice
Stlth    ++++......             t - ring of stealth
HPRegen  0.22/turn              (no ring)
MPRegen  0.45/turn              (no ring)
                                (no ring)
                                (no ring)

@: no status effects
A: almost no armour, stealthy swim, amphibious, 8 rings, constrict 8, camouflage
1, gelatinous body 1
a: Receive Corpses, Renounce Religion, Evoke Flight


You were on level 10 of the Dungeon.
You worshipped Kikubaaqudgha.
Kikubaaqudgha was pleased with you.
You were not hungry.

You visited 2 branches of the dungeon, and saw 11 of its levels.

You collected 511 gold pieces.

Inventory:

Hand Weapons
 q - a +2 dagger of electrocution
Magical Staves
 E - an uncursed staff of conjuration (weapon)
Jewellery
 e - a ring of positive energy (left tentacle)
 t - a ring of stealth (on tentacle)
 w - a ring of flight (right tentacle)
 x - an amulet of magic regeneration (around mantle)
 z - a ring of ice (on tentacle)
 B - an uncursed ring of fire
 C - an uncursed amulet of reflection
Wands
 c - a wand of flame (65)
 p - a wand of disintegration (24)
 s - a wand of acid (4)
 D - a wand of enslavement (4)
Scrolls
 a - 6 scrolls of enchant armour
 f - 2 scrolls of fear
 h - 7 scrolls of remove curse
 i - a scroll of blinking
 k - 3 scrolls of fog
 l - 5 scrolls of teleportation
 n - a scroll of amnesia
 u - a scroll of magic mapping
Potions
 d - 2 potions of berserk rage
 g - 4 potions of lignification
 j - 7 potions of might
 m - a potion of heal wounds {unknown}
 o - 2 potions of brilliance
 r - a potion of cancellation {unknown}
 v - 4 potions of curing
Comestibles
 b - 14 rations
 A - 11 chunks of flesh


   Skills:
 + Level 5.4 Fighting
 - Level 2.0 Dodging
 - Level 2.6 Stealth
 * Level 11.5 Spellcasting
 + Level 9.9 Conjurations
 + Level 1.7 Necromancy


You had 24 spell levels left.
You knew the following spells:

 Your Spells              Type           Power        Failure   Level  Hunger
a - Magic Dart            Conj           ####         1%          1    None
b - Searing Ray           Conj           ######       1%          2    None
c - Iskenderun's Mystic   Conj/Tloc      #####...     8%          4    #......
m - Sublimation of Blood  Necr           ###.......   4%          2    None

Your spell library contained the following spells:

 Spells                   Type           Power        Failure   Level  Hunger
 Dazzling Flash           Conj/Hex       #####.       2%          3    None
 Animate Skeleton         Necr           N/A          3%          1    None
 Pain                     Necr           ###.         3%          1    None
 Freeze                   Ice            ###.         6%          1    None
 Fulminant Prism          Conj/Hex       #####.....   8%          4    #......
 Hailstorm                Conj/Ice       ######..     8%          4    #......
 Vampiric Draining        Necr           ###.......   9%          3    None
 Frozen Ramparts          Ice            ###...       19%         3    None
 Ozocubu's Armour         Chrm/Ice       ###.....     19%         3    None
 Summon Ice Beast         Ice/Summ       ###.....     52%         4    #......


Dungeon Overview and Level Annotations

Branches:
Dungeon (10/15)            Temple (1/1) D:7             Orc (0/2) D:9
   Lair: D:8-11

Altars:
Ashenzari
Cheibriados
Dithmenos
Elyvilon
Fedhas
Gozag
Hepliaklqana
Kikubaaqudgha
Makhleb
Nemelex Xobeh
Okawaru
Qazlal
Sif Muna
Trog
Uskayaw
Vehumet
Wu Jian
Xom
Yredelemnul
Zin
The Shining One


Innate Abilities, Weirdness & Mutations

You cannot wear most types of armour.
You are very stealthy in the water. (Stealth+)
You are amphibious.
You can wear up to eight rings at the same time.
You can use your tentacles to constrict eight enemies at once.
Your skin changes colour to match your surroundings (Stealth+).
Your rubbery body absorbs attacks. (AC +1, EV +1)


Message History

The yak is lightly wounded.
Something barely misses you.
The searing ray hits something!
The searing ray hits the yak.
The yak is moderately wounded.
You finish channeling your searing ray.
Something hits you!
* * * LOW HITPOINT WARNING * * *
Something hits you!
* * * LOW HITPOINT WARNING * * *
Casting: Searing Ray (safe; 1% risk of failure)
Confirm with . or Enter, or press ? or * to list all spells.
Aiming: Searing Ray (safe; 1% risk of failure)
Press: ? - help, Shift-Dir - straight line, f - yak
Aim: a yak You feel a surge of power!
The searing ray hits the yak!
The yak is severely wounded. (Press . to maintain the ray.)
The yak bellows!
Something hits you!
You die...
Kikubaaqudgha rasps: "You have failed me!
Welcome... death!"

##.# . #..# o.
###.###### .Y.
#......)..# .o..
#.........# .....
#.........# .....Y####
#.........#
......'Y†###.........#
......##YY.@.........#
..... #####.........#
.... #####.#### ##+ .#
. +


You could see 4 yaks.

Vanquished Creatures
  Harold (D:7)
  Joseph (D:7)
  Prince Ribbit (D:7)
  A hippogriff (D:7)
  Sigmund (D:2)
  2 wyverns (D:8)
  The ghost of Kave the Ruffian, an amateur TrTm (D:4)
  A hungry ghost (D:7)
  2 orc warriors
  4 ice beasts
  3 phantoms
  2 black bears
  3 sky beasts
  4 ogres
  6 centaurs
  A crocodile (D:8)
  3 big kobolds
  7 bullfrogs
  A wyvern zombie (D:6)
  A gnoll sergeant (D:9)
  3 scorpions
  A howler monkey (D:8)
  6 crimson imps
  An orc priest (D:10)
  A bullfrog zombie (D:10)
  7 hounds
  4 orc wizards
  2 jellies
  2 centaur skeletons
  An iguana (D:6)
  Natasha (thrice) (D:2)
  2 bullfrog skeletons (D:6)
  4 worker ants
  A bullfrog simulacrum (D:4)
  A centaur simulacrum (D:4)
  A hound zombie (D:6)
  2 hound skeletons
  17 adders
  12 gnolls
  A hound simulacrum (D:4)
  2 shadow imps
  A white imp (D:4)
  A howler monkey simulacrum (D:4)
  An ooze (D:5)
  An adder zombie (D:9)
  5 dart slugs
  An adder simulacrum (D:4)
  5 leopard geckos
  22 orcs
  6 bats
  7 giant cockroaches
  9 hobgoblins
  20 jackals
  19 kobolds
  5 quokkas
  A ball python (D:3)
  6 frilled lizards
  4 goblins
  A quokka zombie (D:7)
  8 rats
243 creatures vanquished.

Notes
Turn   | Place    | Note
-------+----------+-------------------------------------------
     0 | D:1      | RonnieColeman the Octopode Conjurer began the quest for the
                  | Orb.
     0 | D:1      | Reached XP level 1. HP: 11/11 MP: 3/3
   119 | D:1      | Reached XP level 2. HP: 17/17 MP: 1/5
   121 | D:2      | Noticed Sigmund
   526 | D:1      | Reached XP level 3. HP: 21/21 MP: 7/7
   535 | D:1      | Learned a level 2 spell: Searing Ray
   909 | D:1      | Reached skill level 3 in Spellcasting
  1133 | D:2      | Reached XP level 4. HP: 27/27 MP: 3/9
  1597 | D:2      | Noticed Natasha
  1608 | D:2      | Killed Natasha
  1879 | D:2      | Reached XP level 5. HP: 22/31 MP: 7/10
  1880 | D:2      | Reached skill level 4 in Spellcasting
  2289 | D:2      | You fall into a shaft and drop 2 floors!
  2338 | D:4      | Found a hazy altar of Hepliaklqana.
  2368 | D:4      | Reached skill level 5 in Conjurations
  2622 | D:2      | Found a shadowy altar of Dithmenos.
  2668 | D:2      | Noticed Natasha
  2671 | D:2      | Reached XP level 6. HP: 36/36 MP: 9/13
  2674 | D:2      | Killed Natasha
  2750 | D:2      | Killed Sigmund
  2750 | D:2      | Reached skill level 5 in Spellcasting
  2974 | D:2      | Noticed Natasha
  2975 | D:2      | Killed Natasha
  2975 | D:2      | Reached XP level 7. HP: 41/41 MP: 12/15
  3660 | D:3      | Found a sparkling altar of Nemelex Xobeh.
  3729 | D:3      | Found an ornate altar of the Wu Jian Council.
  3732 | D:3      | Found a glowing silver altar of Zin.
  4016 | D:4      | Found a snail-covered altar of Cheibriados.
  4026 | D:4      | Found a bloodstained altar of Trog.
  4088 | D:4      | Noticed Kave's ghost (amateur TrTm)
  4109 | D:4      | Found a runed translucent gate.
  4109 | D:4      | Found a runed translucent gate.
  4109 | D:4      | Found a runed translucent gate.
  4447 | D:5      | Entered Level 5 of the Dungeon
  4476 | D:5      | Reached skill level 1 in Fighting
  4616 | D:5      | Reached skill level 6 in Spellcasting
  5015 | D:5      | Reached XP level 8. HP: 50/50 MP: 14/17
  5523 | D:5      | Found a sparkling altar of Nemelex Xobeh.
  5579 | D:5      | Reached skill level 7 in Spellcasting
  6371 | D:6      | Reached skill level 8 in Spellcasting
  6371 | D:6      | Reached XP level 9. HP: 58/58 MP: 16/21
  6724 | D:4      | Killed Kave's ghost
  7211 | D:7      | Found a shattered altar of Ashenzari.
  7242 | D:7      | Found an ancient bone altar of Kikubaaqudgha.
  7242 | D:7      | Noticed Joseph
  7257 | D:7      | Killed Joseph
  7257 | D:7      | Reached skill level 5 in Fighting
  7257 | D:7      | Reached skill level 9 in Spellcasting
  7475 | D:7      | Became a worshipper of Kikubaaqudgha
  7730 | D:7      | Noticed Prince Ribbit
  7787 | D:7      | Found a burning altar of Makhleb.
  7908 | D:7      | Reached XP level 10. HP: 66/66 MP: 19/23
  8013 | D:7      | Killed Prince Ribbit
  8049 | D:7      | Reached skill level 10 in Spellcasting
  8307 | D:7      | Found a staircase to the Ecumenical Temple.
  8309 | D:7      | Found a faded altar of an unknown god.
  8343 | D:7      | Noticed Harold
  8355 | D:7      | Killed Harold
  8384 | Temple   | Entered the Ecumenical Temple
  8812 | D:8      | Reached * piety under Kikubaaqudgha
  8812 | D:8      | Identified Kikubaaqudgha's Reference Book on Stolen Souls
                  | (Kikubaaqudgha gifted it to you on level 8 of the Dungeon)
  8812 | D:8      | Received a gift from Kikubaaqudgha
  8821 | D:8      | Learned a level 2 spell: Sublimation of Blood
  9817 | D:8      | Reached skill level 11 in Spellcasting
 10014 | D:9      | Found a staircase to the Orcish Mines.
 10067 | D:9      | Found an iron altar of Okawaru.
 10284 | D:9      | Reached ** piety under Kikubaaqudgha
 10858 | D:9      | Reached skill level 1 in Necromancy
 11248 | D:10     | Entered Level 10 of the Dungeon
 11272 | D:9      | Learned a level 4 spell: Iskenderun's Mystic Blast
 11478 | D:10     | Reached XP level 11. HP: 69/72 MP: 21/26
 11598 | D:10     | Slain by an unseen horror

Illustrated notes

Levels and vault maps discovered:
D:1:      psy_arrival_terrarium, layout_rooms, hangedman_decor_points,
          wander_ebering_terrifying_dragon_lair
D:2:      layout_basic, grunt_dithmenos_smoke_and_mirrors, uniq_sigmund,
          uniq_natasha
D:3:      layout_basic, nicolae_overflow_hidden_temple, minmay_crystal_water
D:4:      layout_basic, lemuel_crystal_altar, amethyst_overflow_temple_binary,
          gammafunk_ghost_icy
D:5:      layout_loops_ring, first_ration, minivault_11, minmay_hedge_maze,
          nemelex_dance_club_becter
D:6:      layout_cave_pods
D:7:      layout_cave_pools, nicolae_overflow_crystal_walls,
          lemuel_doored_altar, kennysheep_little_box,
          nicolae_temple_entry_ecumenical, uniq_harold, uniq_prince_ribbit1,
          uniq_joseph
D:8:      layout_rooms
D:9:      layout_gridville, okawaru_altar_gauntlet_db, orc_0_dummy
D:10:     layout_roguey, david_lair_shrubbed, hangedman_stone_soup
Temple:   dpeg_chambers_temple

Skill      XL: |  1  2  3  4  5  6  7  8  9 10 |
---------------+-------------------------------+-----
Spellcasting   | 3 4 5 6 8 9 11 | 11.5
Conjurations   | 5 6 7 8 9 |  9.9
Fighting       | 2 4 5 |  5.4
Necromancy     | 1 |  1.7
Dodging        | |  2.0
Stealth        | |  2.6

Action                   |  1- 3 |  4- 6 |  7- 9 | 10-12 || total
-------------------------+-------+-------+-------+-------++-------
Melee: Unarmed           |    13 |       |       |       ||    13
       Constrict         |     8 |     9 |    17 |       ||    34
       Tentacles         |     5 |     4 |     9 |     1 ||    19
       Dagger            |    10 |    14 |    72 |       ||    96
       Short sword       |    15 |    27 |       |       ||    42
       Staff             |       |       |       |     1 ||     1
 Cast: Magic Dart        |    21 |    12 |    50 |    70 ||   153
       Searing Ray       |     4 |    12 |    66 |    65 ||   147
  Use: Scroll            |       |       |       |    16 ||    16
 Stab: Sleeping          |     4 |     7 |     8 |       ||    19
  Eat: Chunk             |     1 |     6 |    15 |    11 ||    33
Armor: Skin              |     2 |     3 |     1 |     3 ||     9
Dodge: Dodged            |    27 |    38 |    74 |    36 ||   175
